 Dungeon Crawl Stone Soup version 0.20.1-1-g8b1a95d (webtiles) character file.

88755 equalderp2856 the Severer (level 15, -1/134 HPs)
             Began as a Minotaur Fighter on Aug 10, 2017.
             Slain by a guardian serpent (11 damage)
             ... in the Desolation of Salt.
             The game lasted 01:45:44 (31109 turns).

equalderp2856 the Severer (Minotaur Fighter)       Turns: 31109, Time: 01:45:44

Health: -1/134     AC: 23    Str: 27    XL:     15   Next: 47%
Magic:  0/26       EV: 11    Int:  7    God:
Gold:   1603       SH: 15    Dex: 21    Spells: 31/31 levels left

rFire    . . .     SeeInvis .   A - +1 broad axe (flame)
rCold    . . .     Gourm    .   c - +0 shield
rNeg     . . .     Faith    .   r - +0 plate armour
rPois    .         Spirit   +   o - +2 hat
rElec    .         Reflect  .   s - scarf {Spirit}
rCorr    .         Harm     .   V - +1 pair of gloves {Dex+3}
MR       ++...                  Y - +1 pair of boots
Stlth    ..........             J - amulet of regeneration
Regen    0.8/turn               E - +5 ring of strength
MPRegen  0.2/turn               U - ring of Incredulity {MR+ Dex+5}

@: about to teleport, starving
A: retaliatory headbutt, horns 2, MP-powered wands
a: no special abilities


You were in the Desolation of Salt.
You were starving.

You visited 4 branches of the dungeon, and saw 19 of its levels.
You also visited: Volcano and Desolation.

You collected 1902 gold pieces.
You spent 299 gold pieces at shops.

Inventory:

Hand Weapons
 a - a +3 trident
 l - a +1 war axe of electrocution
 A - a +1 broad axe of flaming (weapon)
Armour
 c - a +0 shield (worn)
 n - a +2 robe of fire resistance
 o - a +2 hat (worn)
 p - a +1 cloak of fire resistance
 r - a +0 plate armour (worn)
 s - a scarf of spirit shield (worn)
 D - a +3 leather armour of fire resistance
 H - a +0 cloak
 S - a +2 pair of gloves of archery
 V - a +1 pair of gloves of dexterity (worn)
 X - a +2 scale mail of fire resistance
 Y - a +1 pair of boots (worn)
Jewellery
 b - the ring of the Evil One {rF+ rC++ MR- Str+3 Int+2}
   (You found it on level 7 of the Dungeon)

   [ring of strength]

   It affects your strength (+3).
   It affects your intelligence (+2).
   It protects you from fire.
   It greatly protects you from cold.
   It affects your resistance to hostile enchantments.
 k - an uncursed ring of poison resistance
 B - an uncursed ring of magical power
 C - an uncursed amulet of rage
 E - a +5 ring of strength (left hand)
 F - an uncursed ring of see invisible
 G - an uncursed amulet of guardian spirit
 I - an uncursed ring of positive energy
 J - an amulet of regeneration (around neck)
 K - an uncursed amulet of faith
 L - an uncursed ring of wizardry
 N - an uncursed ring of flight {unknown}
 P - an uncursed amulet of the gourmand
 U - the ring of Incredulity (right hand) {MR+ Dex+5}
   (You found it on level 6 of the Lair of Beasts)

   [ring of dexterity]

   It affects your dexterity (+5).
   It affects your resistance to hostile enchantments.
 W - a +5 ring of strength
Wands
 q - a wand of disintegration (16/24)
 M - a wand of confusion (23/48)
 Q - a wand of polymorph (15/24)
 T - a wand of iceblast (5/15)
 Z - a wand of paralysis (8/24)
Scrolls
 e - 6 scrolls of teleportation
 g - 2 scrolls of amnesia
 h - 9 scrolls of identify
 m - 7 scrolls of fog
 y - 3 scrolls of enchant armour
 O - 6 scrolls of remove curse
Potions
 d - 2 potions of might
 i - 3 potions of lignification
 j - 5 potions of flight
 w - a potion of haste
 R - 4 potions of agility
Comestibles
 f - 14 bread rations
 t - 2 fruits
 x - 8 meat rations
 z - 7 royal jellies


   Skills:
 + Level 12.6 Fighting
 + Level 17.5(17.6) Axes
 + Level 3.7(12.3) Polearms
 + Level 2.5 Throwing
 + Level 13.6 Armour
 + Level 4.3 Dodging
 + Level 3.0 Stealth
 + Level 13.4 Shields
 * Level 8.8 Spellcasting


You had 31 spell levels left.
You didn't know any spells.

Dungeon Overview and Level Annotations

Branches:
Dungeon (10/15)            Temple (0/1) D:6            Lair (6/6) D:10
 Shoals (0/4) Lair:3       Spider (0/4) Lair:3        Slime (0/5) Lair:6
    Orc (2/2) D:10            Elf (1/3) Orc:2

Altars:
Elyvilon
Trog
Uskayaw
Vehumet
Jiyva

Shops:
D:6 =   D:8 !*   Orc:1 }*   Orc:2 :(}[[

Portals:
Ice
Cave: Elf:1

Annotations:
D:2 Sigmund
D:4 Menkaure


Innate Abilities, Weirdness & Mutations

You reflexively headbutt those who attack you in melee.
You have a pair of horns on your head.
You expend magic power (3 MP) to strengthen your wands.


Message History

You barely miss the servant of whispers.
You closely miss the guardian serpent. You slash the servant of whispers!
You burn the servant of whispers.
* * * LOW HITPOINT WARNING * * *
You feel sick.
You block the guardian serpent's attack.
The guardian serpent coils itself and waves its upper body at you.
The bolt of poison hits you!
You are lethally poisoned!
You feel better.
You block the servant of whispers's attack.
The servant of whispers hits you with a spear.
* * * LOW HITPOINT WARNING * * *
The guardian serpent hits you.
* * * LOW HITPOINT WARNING * * *
The guardian serpent coils itself and waves its upper body at you.
You resist with almost no effort.
As you read the scroll of teleportation, it crumbles to dust.
You feel strangely unstable. The guardian serpent hits you!
You die...

.......§§§..§§.....
.......§§§..§§.....
.......§§....§§....
.......§§....§§....
.......§§...§§§....
........§...§§§....
.......§§§S§§§.....
.......§§§p@p§.....
......§.§§S####....
......§§§### .
............§8#
.##.........###.
..#............
..............
............###
.............8#


You could see 2 servants of whispers and 2 guardian serpents.

Vanquished Creatures
  A stone giant (Orc:2)
  A red draconian (Volcano)
  Nessos (Orc:2)
  An ettin (Orc:2)
  Snorg (Lair:5)
  An ogre mage (Volcano)
  The ghost of Vorkas the Cleaver, a journeyman DDFi of Okawaru (Lair:1)
  A ragged hierophant (Desolation)
  2 peacekeepers
  A catoblepas (Lair:6)
  2 servants of whispers (Desolation)
  7 hydras
  2 dancing weapons (Elf:1)
  4 two-headed ogres (Volcano)
  6 death yaks
  An orc high priest (Orc:2)
  Nergalle (Lair:3)
  The ghost of ConnectionFaild the Carver, a novice OpFi of Dithmenos (D:10)
  A deep elf archer (Elf:1)
  The ghost of ConnectionFaild the Archer, a novice CeHu (D:7)
  3 ironbrand convokers (Desolation)
  An orc knight (Orc:1)
  12 deep elf magi (Elf:1)
  An oklob plant (Lair:6)
  A wolf spider (Lair:3)
  6 orc sorcerers (Orc:2)
  2 guardian serpents (Desolation)
  17 elephants
  A merfolk siren (Lair:3)
  Joseph (D:7)
  4 black mambas
  2 molten gargoyles (Volcano)
  A centaur skeleton (D:10)
  37 spiny frogs
  2 rime drakes
  11 komodo dragons
  2 trolls
  A polar bear (Lair:5)
  2 tyrant leeches (Lair:6)
  11 saltlings
  Prince Ribbit (D:8)
  7 dream sheep (Lair:4)
  16 blink frogs
  11 hippogriffs
  2 wraiths (D:10)
  A fire bat (Volcano)
  3 basilisks
  A spriggan (D:7)
  A wyvern (Lair:2)
  35 yaks
  2 hungry ghosts
  6 vampire mosquitoes
  2 wargs
  14 water moccasins
  Duvessa (D:4)
  7 porcupines
  24 orc warriors
  A black bear (D:6)
  A sky beast (D:7)
  A hornet zombie (D:9)
  2 phantoms
  2 ice beasts
  9 ogres
  23 wolves
  3 centaurs
  14 crocodiles
  4 big kobolds
  Blork the orc (D:4)
  26 bullfrogs
  3 gnoll sergeants (D:10)
  6 scorpions
  Dowan (D:4)
  A water moccasin skeleton (D:8)
  3 wights (D:9)
  A howler monkey (D:4)
  4 electric eels
  A crimson imp (D:9)
  5 lava snakes (Volcano)
  25 orc priests
  A centaur zombie (D:6)
  2 bullfrog skeletons
  3 hounds
  3 jellies
  32 orc wizards
  4 iguanas
  5 worker ants
  A hound zombie (D:6)
  A howler monkey zombie (D:6)
  7 gnolls
  8 adders
  A howler monkey skeleton (D:6)
  A shadow imp (D:7)
  An ooze (D:4)
  2 adder skeletons
  4 worms
  4 dart slugs
  4 leopard geckos
  66 orcs
  4 giant cockroaches
  6 goblins
  9 hobgoblins
  10 jackals
  14 kobolds
  A quokka (D:4)
  2 ball pythons
  6 bats
  A frilled lizard (D:4)
  A quokka skeleton (D:8)
  11 rats
  4 fungi
  9 plants
654 creatures vanquished.

Vanquished Creatures (others)
  25 fungi
  56 plants
81 creatures vanquished.

Grand Total: 735 creatures vanquished

Notes
Turn   | Place    | Note
-------+----------+-------------------------------------------
     0 | D:1      | equalderp2856 the Minotaur Fighter began the quest for the Orb.
     0 | D:1      | Reached XP level 1. HP: 19/19 MP: 0/0
   185 | D:1      | Reached XP level 2. HP: 17/27 MP: 1/1
   694 | D:1      | Reached skill level 3 in Axes
  1052 | D:2      | Reached XP level 3. HP: 31/33 MP: 2/2
  1468 | D:2      | Noticed Sigmund
  1738 | D:3      | Reached XP level 4. HP: 28/40 MP: 3/3
  2180 | D:3      | Found a hide-covered altar of Uskayaw.
  2180 | D:3      | Noticed a dagger
  2181 | D:3      | Noticed a hand axe
  2214 | D:3      | Reached skill level 4 in Axes
  2390 | D:4      | Noticed Blork the orc
  2403 | D:4      | Killed Blork the orc
  2403 | D:4      | Reached skill level 5 in Armour
  2403 | D:4      | Reached skill level 1 in Dodging
  2403 | D:4      | Reached XP level 5. HP: 25/46 MP: 4/4
  2594 | D:4      | Noticed Dowan
  2611 | D:4      | Killed Dowan
  2715 | D:3      | Reached XP level 6. HP: 35/52 MP: 5/5
  2820 | D:4      | Noticed Duvessa
  2830 | D:4      | Killed Duvessa
  2830 | D:4      | Reached skill level 5 in Axes
  2830 | D:4      | Reached skill level 5 in Shields
  3223 | D:4      | Noticed Menkaure
  3254 | D:5      | Entered Level 5 of the Dungeon
  3320 | D:5      | Reached XP level 7. HP: 48/60 MP: 6/6
  3583 | D:5      | Reached skill level 6 in Axes
  4368 | D:6      | Reached skill level 7 in Axes
  4381 | D:6      | Found Jifoa's Jewellery Boutique.
  4549 | D:6      | Reached XP level 8. HP: 67/67 MP: 7/7
  4599 | D:6      | Reached skill level 5 in Fighting
  4666 | D:6      | Found a staircase to the Ecumenical Temple.
  4831 | D:6      | Reached skill level 8 in Axes
  5019 | D:6      | Found a bloodstained altar of Trog.
  5067 | D:6      | Reached skill level 1 in Throwing
  5067 | D:6      | Reached skill level 1 in Spellcasting
  5356 | D:7      | Got a flickering steel ring
  5408 | D:7      | Noticed ConnectionFaild's ghost (novice CeHu)
  5678 | D:7      | Killed ConnectionFaild's ghost
  5759 | D:7      | Noticed Joseph
  5775 | D:7      | Killed Joseph
  5775 | D:7      | Reached XP level 9. HP: 48/74 MP: 6/11
  5991 | D:7      | Reached skill level 9 in Axes
  6205 | D:7      | Reached skill level 1 in Stealth
  6363 | D:7      | Identified the ring of the Evil One {rF+ rC++ MR- Str+3 Int+2} (You found it on level 7 of the Dungeon)
  6849 | D:8      | Noticed Prince Ribbit
  6856 | D:8      | Killed Prince Ribbit
  6908 | D:8      | Found Wuzoakic's Distillery.
  6928 | D:8      | Bought a potion of heal wounds for 55 gold pieces
  6928 | D:8      | Bought a potion of agility for 44 gold pieces
  7114 | D:8      | Found Miosomo's Assorted Antiques.
  7452 | D:8      | Bought a pair of embroidered gloves for 187 gold pieces
  7696 | D:9      | Reached XP level 10. HP: 78/83 MP: 14/14
  7861 | D:9      | Reached skill level 10 in Axes
  8249 | D:10     | Entered Level 10 of the Dungeon
  8280 | D:10     | Noticed ConnectionFaild's ghost (novice OpFi)
  8291 | D:10     | Killed ConnectionFaild's ghost
  8343 | D:10     | Reached skill level 11 in Axes
  8472 | D:10     | Found a white marble altar of Elyvilon.
  8605 | D:10     | Found a staircase to the Orcish Mines.
  8934 | D:10     | Reached XP level 11. HP: 86/92 MP: 14/16
  8973 | D:10     | Noticed a death yak
  8974 | D:10     | Found a staircase to the Lair.
  8975 | D:10     | Noticed a death yak
  8975 | D:10     | Noticed a death yak
  8975 | D:10     | Noticed a death yak
  8975 | D:10     | Noticed a death yak
  8976 | D:10     | Noticed a death yak
  8981 | D:10     | Killed a death yak
  8981 | D:10     | Reached skill level 12 in Axes
  9012 | D:10     | Killed a death yak
  9307 | D:10     | Killed a death yak
  9321 | D:10     | Killed a death yak
  9960 | D:8      | Killed a death yak
 10248 | D:10     | Reached skill level 5 in Spellcasting
 10363 | D:10     | Reached skill level 10 in Armour
 10503 | D:10     | Reached skill level 13 in Axes
 10626 | Lair:1   | Entered Level 1 of the Lair of Beasts
 10627 | Lair:1   | Noticed a seven-headed hydra
 10691 | D:9      | Killed a death yak
 10777 | D:10     | Killed a seven-headed hydra
 10981 | Lair:1   | Noticed Vorkas's ghost (journeyman DDFi)
 11038 | Lair:1   | Killed Vorkas's ghost
 11137 | Lair:1   | Reached XP level 12. HP: 103/103 MP: 19/19
 12003 | Orc:1    | Entered Level 1 of the Orcish Mines
 12003 | Orc:1    | Found a radiant altar of Vehumet.
 12034 | Orc:1    | Found Yjutuag's Quality Used Wands.
 12052 | Orc:1    | Found Niotuqio's General Store.
 12450 | Orc:1    | Reached skill level 10 in Shields
 13041 | Orc:1    | Bought a potion of degeneration for 13 gold pieces
 14096 | Lair:2   | Reached skill level 14 in Axes
 16706 | Lair:3   | Reached skill level 10 in Fighting
 16754 | Lair:3   | Found a hole to the Spider Nest.
 17272 | Lair:3   | Noticed Nergalle
 17277 | Lair:3   | Killed Nergalle
 17426 | Lair:3   | Found a staircase to the Shoals.
 17743 | Lair:3   | Noticed an eight-headed hydra
 17753 | Lair:3   | Killed an eight-headed hydra
 17753 | Lair:3   | Reached skill level 1 in Polearms
 17753 | Lair:3   | Reached XP level 13. HP: 64/113 MP: 11/21
 18008 | Lair:4   | Found a dark tunnel.
 18028 | Volcano  | Entered a volcano
 18374 | Volcano  | Found a bloodstained altar of Trog.
 18586 | Volcano  | Noticed a red draconian
 18599 | Volcano  | Killed a red draconian
 19705 | Lair:4   | Reached skill level 15 in Axes
 24207 | Lair:6   | Entered Level 6 of the Lair of Beasts
 24212 | Lair:6   | Gained mutation: You expend magic power (3 MP) to strengthen your wands. [the power of Zot]
 24222 | Lair:6   | Reached XP level 14. HP: 119/124 MP: 21/24
 24928 | Lair:6   | Reached skill level 16 in Axes
 25234 | Lair:6   | Noticed Snorg
 25831 | Lair:5   | Killed Snorg
 26470 | Lair:6   | Found a bloodstained altar of Trog.
 27386 | Lair:6   | Got a vibrating steel ring
 27472 | Lair:6   | Identified the ring of Incredulity {MR+ Dex+5} (You found it on level 6 of the Lair of Beasts)
 27477 | Lair:6   | Got a jewelled quarterstaff
 27484 | Lair:6   | Identified the +5 quarterstaff "Posoet" {crush, Int+2} (You found it on level 6 of the Lair of Beasts)
 27653 | Lair:6   | Found a viscous altar of Jiyva.
 27653 | Lair:6   | Found a staircase to the Slime Pits.
 29145 | Orc:2    | Entered Level 2 of the Orcish Mines
 29332 | Orc:2    | Noticed Nessos
 29347 | Orc:2    | Found Jacsim's Book Emporium.
 29421 | Orc:2    | Killed Nessos
 29616 | Orc:2    | Noticed a stone giant
 29626 | Orc:2    | Killed a stone giant
 29626 | Orc:2    | Reached XP level 15. HP: 98/134 MP: 21/26
 29642 | Orc:2    | Found Ruenlu Mite's Antique Weapon Emporium.
 29642 | Orc:2    | Found Omulanwy's Armour Shoppe.
 29642 | Orc:2    | Found Uweuj's Gadget Emporium.
 29652 | Orc:2    | Found Niykeq's Antique Armour Shoppe.
 30134 | Orc:2    | Found a staircase to the Elven Halls.
 30386 | Elf:1    | Entered Level 1 of the Elven Halls
 30486 | Elf:1    | Reached skill level 17 in Axes
 30939 | Elf:1    | Found a frozen archway.
 30983 | Elf:1    | Found a ruined gateway.
 30992 | Desolati | Entered the Desolation of Salt
 31060 | Desolati | Noticed an imperial myrmidon
 31102 | Desolati | HP: 2/134 [guardian serpent (25)]
 31109 | Desolati | Slain by a guardian serpent

Skill      XL: |  1  2  3  4  5  6  7  8  9 10 11 12 13 14 15 |
---------------+----------------------------------------------+-----
Axes           | 3 4 5 7 8 9 11 13 14 15 16 17 | 17.5
Armour         | 4 5 6 7 8 9 10 11 12 13 | 13.6
Shields        | 4 5 6 7 8 9 11 12 13 | 13.4
Fighting       | 4 5 6 7 8 10 11 12 | 12.6
Dodging        | 1 2 3 4 |  4.3
Throwing       | 2 |  2.5
Spellcasting   | 2 3 4 5 6 7 8 |  8.8
Stealth        | 1 2 3 |  3.0
Polearms       | 1 3 |  3.7

Action                   |  1- 3 |  4- 6 |  7- 9 | 10-12 | 13-15 || total
-------------------------+-------+-------+-------+-------+-------++-------
Melee: War axe           |    76 |   117 |   270 |   656 |    70 ||  1189
       Headbutt          |     9 |    24 |    68 |   218 |   283 ||   602
       Trident           |       |       |       |    11 |    90 ||   101
       Broad axe         |       |       |       |       |   701 ||   701
Throw: Javelin           |       |       |    14 |       |       ||    14
       Stone             |       |       |     8 |       |       ||     8
       Tomahawk          |       |       |     7 |       |       ||     7
Evoke: Wand              |       |       |       |     1 |       ||     1
  Use: Scroll            |       |     2 |     3 |    14 |     7 ||    26
       Potion            |       |       |       |     5 |     9 ||    14
 Stab: Distracted        |       |       |       |       |     2 ||     2
       Sleeping          |       |       |       |       |     1 ||     1
       Petrified         |       |       |       |       |    10 ||    10
  Eat: Chunk             |     1 |     6 |    15 |    25 |    35 ||    82
       Fruit             |       |       |     3 |     3 |     5 ||    11
       Royal jelly       |       |       |       |     2 |     1 ||     3
Armor: Scale mail        |    45 |    45 |    22 |       |       ||   112
       Ring mail         |       |       |    15 |       |       ||    15
       Plate armour      |       |       |    60 |   253 |   485 ||   798
       Robe              |       |       |       |       |     7 ||     7
Dodge: Dodged            |    27 |    40 |    73 |   128 |   310 ||   578
Block: Shield            |    53 |    68 |   167 |   369 |   666 ||  1323
